 Dungeon Crawl Stone Soup version 0.27.1-34-g3ba077fa99 (webtiles) character file.

Game seed: 6286250271198619494

5141 Ekaitz the Arsonist (level 10, -4/74 HPs)
             Began as a Human Fire Elementalist on Jan 6, 2022.
             Was a Follower of Sif Muna.
             Shot with an arrow by a centaur warrior (16 damage)
             ... on level 9 of the Dungeon.
             The game lasted 00:25:06 (10618 turns).

Ekaitz the Arsonist (Human Fire Elementalist)      Turns: 10618, Time: 00:25:07

Health: -4/74      AC:  6    Str: 10    XL:     10   Next: 89%
Magic:  17/17      EV: 13    Int: 17    God:    Sif Muna [*.....]
Gold:   480        SH:  0    Dex: 14    Spells: 4/19 levels left

rFire    + + +     SeeInvis .   a - +1 dagger (drain)
rCold    x x .     Faith    +   (no shield)
rNeg     . . .     Spirit   .   m - +0 leather armour {rF+}
rPois    .         Reflect  .   (no helmet)
rElec    .         Harm     .   A - +1 cloak
rCorr    .         Rampage  .   (no gloves)
Will     .....                  U - +0 pair of boots
Stlth    ++........             L - amulet of faith
HPRegen  0.22/turn              P - ring of fire
MPRegen  0.15/turn              H - ring of fire

@: studying 2 skills, invisible
A: no striking features
a: Renounce Religion, Channel Magic


You were on level 9 of the Dungeon.
You worshipped Sif Muna.
Sif Muna was aware of your devotion.
You visited 2 branches of the dungeon, and saw 10 of its levels.

You collected 480 gold pieces.

Inventory:

Hand Weapons
 a - a +1 dagger of draining (weapon)
 c - a +0 dagger of electrocution
 s - a +0 hunting sling of freezing
 G - a +2 short sword of speed
 K - a +2 long sword of protection
 R - a +1 dagger of distortion
 T - a +1 glaive
 W - a +4 scimitar of flaming
Missiles
 i - 9 atropa-tipped darts
 p - 4 silver javelins
 q - 25 poisoned darts
 t - 326 stones
 u - 20 sling bullets
Armour
 k - a +1 robe of positive energy
 m - a +0 leather armour of fire resistance (worn)
 y - a +1 ring mail of poison resistance
 A - a +1 cloak (worn)
 U - a +0 pair of boots (worn)
Jewellery
 h - a +6 ring of dexterity
 E - a ring of protection from fire
 H - a ring of fire (right hand)
 I - a ring of wizardry
 L - an amulet of faith (around neck)
 P - a ring of fire (left hand)
 Y - a ring of poison resistance
Wands
 n - a wand of charming (20)
 v - a wand of flame (13)
 F - a wand of polymorph (6)
 N - a wand of iceblast (5)
 S - a wand of mindburst (5)
Scrolls
 b - 6 scrolls of teleportation {unknown}
 e - a scroll of identify
 f - 2 scrolls of noise {unknown}
 l - 2 scrolls of vulnerability {unknown}
 o - a scroll of fear {unknown}
 r - a scroll of fog {unknown}
 w - 2 scrolls of enchant armour {unknown}
 B - a scroll of immolation {unknown}
 J - a scroll of magic mapping {unknown}
 M - a scroll of silence {unknown}
 V - a scroll of summoning {unknown}
 X - a scroll of brand weapon {unknown}
 Z - a scroll of enchant weapon
Potions
 d - a potion of cancellation
 g - 3 potions of heal wounds
 x - 2 potions of flight
 z - a potion of haste
 C - 2 potions of curing
 D - a potion of ambrosia
 O - a potion of might
 Q - a potion of brilliance


   Skills:
 * Level 5.0 Fighting
 + Level 1.8 Short Blades
 + Level 2.2 Armour
 * Level 5.4 Dodging
 + Level 3.7 Stealth
 + Level 5.0 Spellcasting
 * Level 6.3 Conjurations
 + Level 3.9 Hexes
 * Level 3.4 Translocations
 * Level 8.0 Fire Magic
 * Level 2.9 Invocations
 * Level 1.7 Evocations


You had 4 spell levels left.
You knew the following spells:

 Your Spells              Type           Power      Damage    Failure   Level
a - Foxfire               Conj/Fire      100%       2x1d9     1%          1
b - Inner Flame           Hex/Fire       54%        N/A       4%          3
c - Conjure Flame         Conj/Fire      59%        6-21      3%          3
d - Sticky Flame          Conj/Fire      59%        2d7       10%         4
e - Iskenderun's Mystic   Conj/Tloc      20%        2d6       26%         4

Your spell library contained the following spells:

 Spells                   Type           Power      Damage    Failure   Level
 Dazzling Flash           Conj/Hex       42%        N/A       7%          3
 Portal Projectile        Hex/Tloc       32%        N/A       12%         3
 Gell's Gravitas          Tloc           8%         N/A       14%         3
 Lesser Beckoning         Tloc           8%         N/A       14%         3
 Teleport Other           Tloc           16%        N/A       14%         3
 Ignite Poison            Fire/Tmut/Pois 30%        N/A       19%         3
 Mephitic Cloud           Conj/Pois/Air  11%        N/A       24%         3
 Summon Guardian Golem    Hex/Summ       11%        N/A       24%         3
 Call Canine Familiar     Summ           4%         N/A       50%         3
 Leda's Liquefaction      Hex/Erth       5%         N/A       63%         4
 Fireball                 Conj/Fire      29%        3d13      26%         5
 Bolt of Magma            Conj/Fire/Erth 23%        4d11      58%         5
 Lightning Bolt           Conj/Air       7%         1d20      80%         5
 Starburst                Conj/Fire      29%        6d9       83%         6
 Summon Mana Viper        Hex/Summ       11%        N/A       92%         5
 Summon Forest            Summ/Tloc      5%         N/A       95%         5
 Shadow Creatures         Summ           N/A        N/A       100%        6
 Fire Storm               Conj/Fire      29%        8d8       100%        9


Dungeon Overview and Level Annotations

Branches:
Dungeon (9/15)             Temple (1/1) D:7
   Lair: D:8-11         Orc: D:9-12

Altars:
Ashenzari
Cheibriados
Dithmenos
Elyvilon
Fedhas
Gozag
Hepliaklqana
Kikubaaqudgha
Nemelex Xobeh
Okawaru
Qazlal
Ru
Sif Muna
Trog
Uskayaw
Vehumet
Wu Jian
Xom
Yredelemnul
Zin
The Shining One

Shops:
D:4 *

Annotations:
D:7 3 runed translucent doors, exclusion: 2 kobold brigands


Message History

You kill the orc wizard!
Sif Muna accepts your kill.
Items here: )) [[ ††.
Okay, then.
Things that are here:
a +0 club; a +0 ring mail; an orc corpse
Found a scroll labelled QEUCWI VOWAE.
Found a club.
Your +4 scimitar of flaming stops flaming.
You sense an unholy aura.
a - a +1 dagger of draining (weapon)
V - a scroll labelled QEUCWI VOWAE
Found a stone staircase leading down.
Found a stone staircase leading down.
There is a stone staircase leading down here.
A centaur comes into view.
The centaur shouts!
You hear a shout!
The centaur wields a +0 shortbow.
The centaur shoots an arrow.
The arrow hits you!
A centaur is nearby!
A centaur warrior comes into view.
The centaur warrior wields a +0 longbow.
The centaur warrior shoots an arrow.
The arrow barely misses you.
Found a tin of tremorstones (2/2).
The centaur unwields a +0 shortbow.
The centaur hits you. The centaur barely misses you.
The centaur hits you but does no damage.
The centaur completely misses you.
Found a scroll of identify.
The centaur warrior shoots an arrow.
The arrow hits you!
The centaur hits you but does no damage.
The centaur kicks you.
The centaur warrior shoots an arrow.
The arrow hits you!!
The centaur closely misses you. x2; The centaur completely misses you.
The centaur kicks you but does no damage.
The centaur warrior shoots an arrow.
The arrow hits you!
* * * LOW HITPOINT WARNING * * *
The centaur misses you. The centaur closely misses you.
You fade into invisibility!
The centaur warrior shoots an arrow.
The arrow hits you!
You die...

..# ..## ...#
...#############
...>...........#
..############.#
..# #.# ..#
####.#### ###
#.....@.#
#.....c.#
#.......# #
#.##.#..# # #.
#c...# # #
.....# # ......#
# ...}?.## #


You could see a centaur warrior and a centaur.

Vanquished Creatures
  Erica (D:8)
  A gargoyle (D:8)
  Psyche (D:8)
  6 yaks
  Grum (D:8)
  Menkaure (D:7)
  3 water moccasins
  2 orc warriors
  2 necrophages
  4 ogres
  3 wolves (D:8)
  A centaur (D:8)
  A bullfrog (D:7)
  A wyvern skeleton (D:6)
  A wyvern zombie (D:6)
  4 scorpions
  A water moccasin skeleton (D:6)
  3 wights (D:7)
  A bullfrog zombie (D:6)
  A howler monkey (D:6)
  A centaur zombie (D:8)
  3 jellies
  A gnoll shaman (D:8)
  4 hounds
  4 orc priests
  An iguana (D:3)
  6 orc wizards
  A hound zombie (D:5)
  A hound skeleton (D:4)
  5 gnolls (D:8)
  A howler monkey skeleton (D:6)
  6 adders
  A shadow imp (D:7)
  2 worms
  A dart slug (D:1)
  26 orcs
  4 bats
  5 endoplasms
  3 giant cockroaches (D:1)
  18 goblins
  11 hobgoblins
  12 jackals
  11 kobolds
  3 quokkas
  5 ball pythons
  A frilled lizard (D:1)
  4 rats
180 creatures vanquished.

Vanquished Creatures (collateral kills)
  3 foxfires (D:1)
3 creatures vanquished.

Vanquished Creatures (others)
  591 foxfires
  7 plants (D:1)
598 creatures vanquished.

Grand Total: 781 creatures vanquished

Notes
Turn   | Place    | Note
-------+----------+-------------------------------------------
     0 | D:1      | Ekaitz the Human Fire Elementalist began the quest for the
                  | Orb.
     0 | D:1      | Reached XP level 1. HP: 13/13 MP: 3/3
    83 | D:1      | Reached XP level 2. HP: 8/20 MP: 0/5
   445 | D:1      | Reached XP level 3. HP: 22/25 MP: 0/6
   449 | D:1      | Learned a level 3 spell: Inner Flame
  1379 | D:2      | Reached skill level 4 in Fire Magic
  1379 | D:2      | Reached XP level 4. HP: 31/31 MP: 0/7
  1383 | D:2      | Learned a level 3 spell: Conjure Flame
  1774 | D:3      | Reached skill level 1 in Fighting
  1828 | D:3      | Reached XP level 5. HP: 26/37 MP: 0/8
  2607 | D:3      | Reached skill level 1 in Hexes
  2912 | D:4      | Noticed an ogre
  3058 | D:4      | Reached XP level 6. HP: 41/43 MP: 0/9
  3379 | D:4      | Noticed a necrophage
  3379 | D:4      | Noticed an ogre
  3412 | D:4      | Killed an ogre
  3502 | D:4      | Found a broken altar of Ashenzari.
  3519 | D:4      | Reached XP level 7. HP: 49/50 MP: 1/11
  3524 | D:4      | Learned a level 4 spell: Sticky Flame
  3602 | D:4      | Found Ugefeyr's General Store.
  3662 | D:4      | Reached skill level 5 in Fire Magic
  4561 | D:5      | Entered Level 5 of the Dungeon
  4653 | D:5      | Reached XP level 8. HP: 57/57 MP: 3/12
  5155 | D:5      | Got the Papyrus of Harmful Fascination
  5165 | D:5      | Found an ornate altar of the Wu Jian Council.
  6034 | D:5      | Reached skill level 1 in Short Blades
  6497 | D:6      | Reached XP level 9. HP: 64/64 MP: 14/14
  6582 | D:6      | Reached skill level 6 in Fire Magic
  6889 | D:6      | Reached skill level 1 in Armour
  7170 | D:6      | Found a glowing golden altar of the Shining One.
  7397 | D:7      | Noticed Menkaure
  7405 | D:7      | Killed Menkaure
  7406 | D:7      | Reached skill level 5 in Conjurations
  7411 | D:7      | Learned a level 4 spell: Iskenderun's Mystic Blast
  7804 | D:7      | Found a stormy altar of Qazlal.
  7902 | D:7      | Found an ancient bone altar of Kikubaaqudgha.
  7906 | D:7      | Found a snail-covered altar of Cheibriados.
  7919 | D:7      | Found a runed translucent gate.
  7919 | D:7      | Found a runed translucent gate.
  7919 | D:7      | Found a runed translucent gate.
  7920 | D:7      | Noticed a kobold demonologist
  7996 | D:7      | Found a staircase to the Ecumenical Temple.
  8005 | Temple   | Entered the Ecumenical Temple
  8091 | Temple   | Became a worshipper of Sif Muna the Loreminder
  8193 | D:8      | Noticed a gargoyle
  8278 | D:8      | Reached skill level 1 in Invocations
  8576 | D:8      | Noticed Psyche
  8584 | D:8      | Killed Psyche
  8585 | D:8      | Reached skill level 1 in Translocations
  8726 | D:8      | Reached skill level 7 in Fire Magic
  8726 | D:8      | Reached XP level 10. HP: 64/72 MP: 11/16
  8889 | D:8      | Killed a gargoyle
  8890 | D:8      | Reached skill level 5 in Dodging
  8914 | D:8      | Noticed Grum
  8923 | D:8      | Killed Grum
  9648 | D:8      | Noticed Erica
  9661 | D:8      | Killed Erica
  9662 | D:8      | Reached skill level 1 in Evocations
 10106 | D:8      | Reached * piety under Sif Muna
 10107 | D:8      | Reached skill level 8 in Fire Magic
 10123 | D:9      | Reached skill level 5 in Fighting
 10123 | D:9      | Reached skill level 5 in Spellcasting
 10613 | D:9      | Noticed a centaur warrior
 10618 | D:9      | Shot with an arrow by a centaur warrior

Illustrated notes

Levels and vault maps discovered:
D:1:      lightli_arrival_farm, layout_basic
D:2:      layout_rooms
D:3:      layout_basic, kennysheep_big_empty_room
D:4:      kennysheep_goblin_castle, layout_cave_pools,
          nicolae_ashenzari_skybound, serial_shops,
          nicolae_shop_temple_entry_statues_fountains
D:5:      layout_basic, mainiacjoe_overflow_surrounded_room
D:6:      layout_basic, nicolae_tso_swordbearing_angel, minmay_manual_mess
D:7:      layout_cave_pools, kennysheep_mini, mainiacjoe_overflow_big_doors,
          minmay_temple_entry_nine_rooms, gammafunk_ghost_nasty_kobolds,
          uniq_menkaure
D:8:      layout_loops_ring, serial_aquarium, aquarium_bridge_square
          [aquarium_subvault_balcony, aquarium_subvault_bridge,
          aquarium_subvault_window, aquarium_subvault_wall], aquarium_window_2,
          aquarium_window_3, aquarium_view_2c, aquarium_balcony_3a,
          aquarium_pool_split, uniq_erica, uniq_grum, uniq_psyche
D:9:      layout_loops_cross
Temple:   regret_index_temple_waves

Skill      XL: |  1  2  3  4  5  6  7  8  9 10 |
---------------+-------------------------------+-----
Fire Magic     | 4 5 7 8 |  8.0
Fighting       | 1 2 3 4 5 |  5.0
Conjurations   | 2 3 4 5 6 |  6.3
Hexes          | 1 2 3 |  3.9
Dodging        | 3 4 5 |  5.4
Spellcasting   | 3 4 5 |  5.0
Stealth        | 3 |  3.7
Short Blades   | 1 |  1.8
Armour         | 1 2 |  2.2
Invocations    | 1 2 |  2.9
Translocations | 1 3 |  3.4
Evocations     | 1 |  1.7

Action                   |  1- 3 |  4- 6 |  7- 9 | 10-12 || total
-------------------------+-------+-------+-------+-------++-------
Melee: Short sword       |     4 |    40 |     1 |       ||    45
       Dagger            |       |       |    68 |    15 ||    83
       Scimitar          |       |       |       |     5 ||     5
       Long sword        |       |       |       |     3 ||     3
 Cast: Foxfire           |    61 |    84 |   182 |     8 ||   335
       Inner Flame       |       |     1 |     6 |     1 ||     8
       Sticky Flame      |       |       |     6 |     9 ||    15
       Conjure Flame     |       |       |     4 |     3 ||     7
Evoke: Wand              |       |       |       |     9 ||     9
  Use: Scroll            |       |       |       |    11 ||    11
       Potion            |       |       |       |     3 ||     3
 Stab: Sleeping          |     1 |     4 |     8 |       ||    13
       Distracted        |       |     1 |       |       ||     1
Armor: Robe              |    30 |     4 |    12 |       ||    46
       Leather armour    |       |       |     5 |    17 ||    22
Dodge: Dodged            |    44 |    35 |    72 |    38 ||   189
       Rpst.: Scimitar   |       |       |       |     1 ||     1
